 Dungeon Crawl Stone Soup version 0.22-b1-26-g9dbaab1 (webtiles) character file.

243 Doobh the Sneak (level 6, -4/37 HPs)
             Began as a Kobold Assassin on Aug 9, 2018.
             Slain by a human skeleton (5 damage)
             ... on level 4 of the Dungeon.
             The game lasted 00:11:35 (3125 turns).

Doobh the Sneak (Kobold Assassin)                   Turns: 3125, Time: 00:11:35

Health: -4/37      AC:  4    Str:  8    XL:     6   Next: 31%
Magic:  6/6        EV: 16    Int: 13    God:
Gold:   168        SH:  0    Dex: 18    Spells: 5/5 levels left

rFire    + . .     SeeInvis .   a - +2 dagger
rCold    . . .     Gourm    .   (shield restricted)
rNeg     . . .     Faith    .   c - +0 robe
rPois    .         Spirit   .   (no helmet)
rElec    .         Reflect  .   d - +1 cloak
rCorr    .         Harm     .   (no gloves)
MR       .....                  (no boots)
Stlth    +++.......             (no amulet)
HPRegen  0.12/turn              l - ring of protection from fire
MPRegen  0.10/turn              (no ring)

@: no status effects
A: small, carnivore
a: no special abilities


You were on level 4 of the Dungeon.
You were completely stuffed.

You visited 1 branch of the dungeon, and saw 4 of its levels.

You collected 168 gold pieces.

Inventory:

Hand Weapons
 a - a +2 dagger (weapon)
 b - a +0 blowgun
Missiles
 e - a curare-tipped needle
 n - 6 poisoned needles
 q - 45 stones (quivered)
Armour
 c - a +0 robe (worn)
 d - a +1 cloak (worn)
Jewellery
 l - a ring of protection from fire (left hand)
Scrolls
 i - 3 scrolls of teleportation
 j - a scroll of noise
Potions
 h - a potion of magic {unknown}
 p - a potion of degeneration {unknown}
 s - a potion of might {unknown}
Comestibles
 g - 7 rations


   Skills:
 + Level 3.3 Fighting
 * Level 5.2 Short Blades
 + Level 3.3 Throwing
 + Level 3.0 Dodging
 + Level 6.3 Stealth


You had 5 spell levels left.
You didn't know any spells.
Your spell library was empty.

Dungeon Overview and Level Annotations

Branches:
Dungeon (4/15)             Temple (0/1) D:4

Altars:
Makhleb

Portals:
Ossuary: D:4


Innate Abilities, Weirdness & Mutations

You are small and have problems with some larger weapons.
You are carnivorous and can eat meat at any time.


Message History

The orc zombie hits you but does no damage.
The human skeleton barely misses you. The orc zombie hits you.
* * * LOW HITPOINT WARNING * * *
The human skeleton completely misses you.
You open the door. The orc zombie misses you.
The human skeleton closely misses you.
The orc zombie hits you but does no damage.
You open the door.
A human skeleton comes into view.
The human skeleton hits you.
* * * LOW HITPOINT WARNING * * *
The human skeleton hits you but does no damage.
Found a sand-covered staircase.
There is an open door here.
The helpless human skeleton fails to defend itself.
You skewer the human skeleton like a kebab!!!
The human skeleton is almost destroyed.
The human skeleton hits you.
You die...

....#...............#
....#...............#
....#...............#
....#...............#
..###..###.....##...#
..###..############.#
.......#..#.#.#...'.#
.......'..#'#'#'###.#
.......#..#.'..Z@Z#.#
.......#..###..Z###.#
####...##.#.'...'.#.#
##...##'#'#'#'#####
+.......#.#.#.+ #.#
#.......#########.#
#.............#...#
#.............#...#
#.............#..)#


You could see an orc zombie and 2 human skeletons.

Vanquished Creatures
  A howler monkey (D:4)
  A hound (D:4)
  4 gnolls (D:3)
  7 adders
  2 worms
  4 leopard geckos
  5 orcs
  2 giant cockroaches (D:3)
  4 goblins
  4 hobgoblins
  4 jackals (D:3)
  8 kobolds
  2 ball pythons
  4 bats
  3 frilled lizards
  An orc skeleton (D:4)
  10 rats
66 creatures vanquished.

Notes
Turn   | Place    | Note
-------+----------+-------------------------------------------
     0 | D:1      | Doobh the Kobold Assassin began the quest for the Orb.
     0 | D:1      | Reached XP level 1. HP: 12/12 MP: 1/1
   155 | D:1      | Reached XP level 2. HP: 17/17 MP: 2/2
   538 | D:2      | Reached XP level 3. HP: 12/22 MP: 3/3
  1199 | D:2      | Reached XP level 4. HP: 27/27 MP: 4/4
  1403 | D:2      | Found a burning altar of Makhleb.
  2025 | D:3      | Reached XP level 5. HP: 29/32 MP: 5/5
  2351 | D:3      | Reached skill level 6 in Stealth
  2943 | D:4      | Reached skill level 5 in Short Blades
  2943 | D:4      | Reached XP level 6. HP: 28/37 MP: 6/6
  3005 | D:4      | Found a staircase to the Ecumenical Temple.
  3123 | D:4      | Found a sand-covered staircase.
  3123 | D:4      | HP: 1/37 [human skeleton (4)]
  3125 | D:4      | Slain by a human skeleton

Skill      XL: |  1  2  3  4  5  6 |
---------------+-------------------+-----
Short Blades   | 3 4 5 |  5.2
Dodging        | 2 3 |  3.0
Stealth        | 6 |  6.3
Fighting       | 3 |  3.3
Throwing       | 3 |  3.3

Action                   |  1- 3 |  4- 6 || total
-------------------------+-------+-------++-------
Melee: Dagger            |    56 |   175 ||   231
 Fire: Blowgun           |     5 |    24 ||    29
Throw: Stone             |       |    23 ||    23
  Use: Scroll            |       |     6 ||     6
 Stab: Sleeping          |     8 |     6 ||    14
  Eat: Chunk             |     9 |     6 ||    15
Armor: Robe              |     6 |    25 ||    31
Dodge: Dodged            |    26 |   113 ||   139
